 Dungeon Crawl Stone Soup version 0.22.0-40-g68aacdc (webtiles) character file.

523 poirepourri the Cleaver (level 7, -7/61 HPs)
             Began as a Deep Dwarf Fighter on Sept 2, 2018.
             Was a Follower of Makhleb.
             Engulfed by a cloud of flame (19 damage)
             ... on level 4 of the Dungeon.
             The game lasted 00:03:11 (3094 turns).

poirepourri the Cleaver (Deep Dwarf Fighter)        Turns: 3094, Time: 00:03:12

Health: -7/61      AC: 10    Str: 20    XL:     7   Next: 2%
Magic:  6/6        EV:  7    Int:  8    God:    Makhleb [*.....]
Gold:   154        SH:  9    Dex: 14    Spells: 6/6 levels left

rFire    . . .     SeeInvis .   a - +3 war axe
rCold    . . .     Gourm    .   c - +0 shield
rNeg     + . .     Faith    .   r - +0 scale mail
rPois    .         Spirit   .   u - +0 helmet
rElec    .         Reflect  .   (no cloak)
rCorr    .         Harm     +   (no gloves)
MR       +....                  g - +1 pair of boots
Stlth    ..........             o - amulet of harm
HPRegen  0.00/turn              n - ring of positive energy
MPRegen  0.10/turn              (no ring)

@: non-regenerating
A: damage resistance, heal wounds, sense surroundings 1, no regeneration
a: Heal Wounds, Renounce Religion


You were on level 4 of the Dungeon.
You worshipped Makhleb.
Makhleb was aware of your devotion.
You were not hungry.

You visited 1 branch of the dungeon, and saw 4 of its levels.

You collected 154 gold pieces.

Inventory:

Hand Weapons
 a - a +3 war axe (weapon)
 b - a +0 flail of crushing
Missiles
 j - 28 bolts
Armour
 c - a +0 shield (worn)
 g - a +1 pair of boots (worn)
 r - a +0 scale mail (worn)
 u - a +0 helmet (worn)
Jewellery
 n - a ring of positive energy (left hand)
 o - an amulet of harm (around neck)
Scrolls
 e - 4 scrolls of teleportation
 h - a scroll of blinking
Potions
 d - 2 potions of might
 i - 2 potions of heal wounds
 k - 2 potions of cancellation
 l - 3 potions of haste
 m - a potion of resistance {unknown}
 p - 2 potions of mutation {unknown}
 q - a potion of ambrosia {unknown}
 s - 2 potions of degeneration {unknown}
 t - a potion of brilliance {unknown}
 v - 2 potions of lignification {unknown}
Comestibles
 f - 7 rations


   Skills:
 - Level 2.6 Fighting
 + Level 8.4 Axes
 - Level 3.2 Armour
 - Level 3.2 Shields


You had 6 spell levels left.
You didn't know any spells.
Your spell library was empty.

Dungeon Overview and Level Annotations

Branches:
Dungeon (4/15)             Temple (0/1) D:4

Altars:
Makhleb
Uskayaw
Vehumet
Zin
The Shining One

Shops:
D:3 *


Innate Abilities, Weirdness & Mutations

You are resistant to damage.
You can heal yourself by infusing magical energy.
You passively map a small area around you.
You do not regenerate.


Message History

No target in view!
No target in view!
No target in view!
No target in view!
A scorpion comes into view.
A scorpion is nearby!
A scorpion is nearby!
Okay, then.
As you read the scroll labeled UFYMUN BYRETH, it crumbles to dust.
The creatures around you are filled with an inner flame!
It was a scroll of immolation.
You slash the scorpion!
The scorpion explodes!
The fiery explosion engulfs you!
Ouch! That really hurt!
* * * LOW HITPOINT WARNING * * *
Makhleb accepts your kill.
You have reached level 7!
You are engulfed in blazing flames.
You die...

#..8.8.8....##...#####..).......
#.........#.......####..#)......
#.........####.........####.....
########### ##.###....## #.....
#......>..# #..... #.%.......#
#..... #.........# ###.##
#.........###.....
#@§........##.....
#§####.#.#........ * ,, ..#
#.#†..##..... *
,...####............ ,
..........###.######
,,,......##...###.# # , .....(.
#....##.# ##
....%...##..#..#.#####. *,,
.....###.......<.


There were no monsters in sight!

Vanquished Creatures
  A scorpion (D:4)
  A hound (D:4)
  2 orc priests (D:4)
  4 orc wizards (D:4)
  A centaur skeleton (D:4)
  Robin (D:2)
  10 gnolls
  3 adders
  3 oozes (D:1)
  An adder skeleton (D:4)
  4 worms
  A dart slug (D:1)
  A leopard gecko (D:2)
  9 orcs
  A giant cockroach (D:2)
  13 goblins
  8 hobgoblins
  8 kobolds
  3 quokkas
  2 bats (D:1)
  4 frilled lizards
  A quokka skeleton (D:4)
  7 rats
89 creatures vanquished.

Notes
Turn   | Place    | Note
-------+----------+-------------------------------------------
     0 | D:1      | poirepourri the Deep Dwarf Fighter began the quest for the Orb.
     0 | D:1      | Reached XP level 1. HP: 20/20 MP: 1/1
   157 | D:1      | Reached skill level 3 in Axes
   157 | D:1      | Reached XP level 2. HP: 25/27 MP: 2/2
   483 | D:1      | Reached XP level 3. HP: 30/33 MP: 3/3
   584 | D:1      | Reached skill level 4 in Axes
  1319 | D:2      | Noticed Robin
  1336 | D:2      | Killed Robin
  1337 | D:2      | Reached XP level 4. HP: 31/40 MP: 4/4
  1373 | D:2      | Reached skill level 5 in Axes
  1463 | D:2      | Reached XP level 5. HP: 45/46 MP: 4/4
  1809 | D:3      | Found a radiant altar of Vehumet.
  1834 | D:3      | Found a glowing golden altar of the Shining One.
  1878 | D:3      | Reached skill level 6 in Axes
  1978 | D:3      | Found a burning altar of Makhleb.
  1998 | D:3      | Became a worshipper of Makhleb the Destroyer
  2215 | D:3      | Found Zin's Purification Station.
  2219 | D:3      | Found a glowing silver altar of Zin.
  2748 | D:4      | Reached skill level 7 in Axes
  2748 | D:4      | Reached XP level 6. HP: 38/55 MP: 5/5
  2879 | D:4      | Reached * piety under Makhleb
  2879 | D:4      | Reached skill level 8 in Axes
  2891 | D:4      | Found a staircase to the Ecumenical Temple.
  3055 | D:4      | Found a hide-covered altar of Uskayaw.
  3094 | D:4      | Reached XP level 7. HP: 12/61 MP: 6/6
  3094 | D:4      | Engulfed by a cloud of flame

Skill      XL: |  1  2  3  4  5  6 |
---------------+-------------------+-----
Axes           | 3 4 5 7 8 |  8.4
Fighting       | |  2.6
Armour         | |  3.2
Shields        | |  3.2

Action                   |  1- 3 |  4- 6 |  7- 9 || total
-------------------------+-------+-------+-------++-------
Melee: War axe           |   100 |    69 |       ||   169
       Hand axe          |       |    97 |       ||    97
 Abil: Heal Wounds       |       |     4 |       ||     4
  Use: Scroll            |     8 |     9 |       ||    17
  Eat: Ration            |     1 |     2 |       ||     3
Armor: Scale mail        |    39 |    59 |       ||    98
Dodge: Dodged            |    33 |    33 |       ||    66
Block: Shield            |    45 |    76 |       ||   121
